 Dungeon Crawl Stone Soup version 0.27.1-1-g398f81649c (webtiles) character file.

Game seed: 6739310050720416540

476 zdrol the Cudgeller (level 6, 0/56 HPs)
             Began as a Minotaur Fighter on Sept 7, 2021.
             Was a Priest of Okawaru.
             Slain by a lemure (3 damage)
             ... led by Pikel
             ... on level 4 of the Dungeon.
             The game lasted 00:10:32 (3584 turns).

zdrol the Cudgeller (Minotaur Fighter)              Turns: 3584, Time: 00:10:32

Health: 0/56       AC:  7    Str: 22    XL:     6   Next: 84%
Magic:  5/5        EV:  6    Int:  5    God:    Okawaru [***...]
Gold:   47         SH: 15    Dex: 10    Spells: 5/5 levels left

rFire    . . .     SeeInvis .   a - +0 flail
rCold    . . .     Faith    .   q - +0 tower shield
rNeg     . . .     Spirit   .   b - +0 scale mail
rPois    .         Reflect  .   (helmet restricted)
rElec    .         Harm     .   (no cloak)
rCorr    .         Rampage  .   (no gloves)
Will     .....                  (no boots)
Stlth    ..........             (no amulet)
HPRegen  0.18/turn              (no ring)
MPRegen  0.09/turn              (no ring)

@: no status effects
A: horns 2, retaliatory headbutt
a: Renounce Religion, Heroism


You were on level 4 of the Dungeon.
You worshipped Okawaru.
Okawaru was most pleased with you.
You visited 1 branch of the dungeon, and saw 4 of its levels.

You collected 47 gold pieces.

Inventory:

Hand Weapons
 a - a +0 flail (weapon)
Missiles
 n - 13 boomerangs
 p - 2 throwing nets
 t - 7 curare-tipped darts (quivered)
Armour
 b - a +0 scale mail (worn)
 q - a +0 tower shield (worn)
Jewellery
 c - an amulet of magic regeneration
Wands
 r - a wand of polymorph (11)
Scrolls
 e - a scroll of noise
 f - a scroll of enchant weapon
 j - a scroll of fog
 m - a scroll of torment
 v - a scroll of vulnerability {unknown}
Potions
 d - 2 potions of might
 g - a potion of mutation {unknown}
 h - a potion of invisibility {unknown}
 i - 2 potions of degeneration {unknown}
 k - a potion of flight {unknown}
 l - a potion of heal wounds {unknown}
 o - a potion of berserk rage {unknown}
 s - 2 potions of magic {unknown}
 u - a potion of brilliance {unknown}


   Skills:
 + Level 5.0 Fighting
 + Level 5.4 Maces & Flails
 + Level 5.3 Armour
 + Level 2.3 Dodging
 + Level 0.3 Stealth
 + Level 5.1 Shields


You had 5 spell levels left.
You didn't know any spells.
Your spell library contained the following spells:

 Spells                   Type           Power      Damage    Failure   Level
 Foxfire                  Conj/Fire      0%         2x1d4     100%        1
 Sandblast                Erth           0%         2d4       100%        1
 Passwall                 Tmut/Erth      0%         N/A       100%        2
 Conjure Flame            Conj/Fire      0%         6-21      100%        3
 Inner Flame              Hex/Fire       0%         N/A       100%        3
 Lee's Rapid Deconstruct  Erth           0%         3d5*      100%        5


Dungeon Overview and Level Annotations

Branches:
Dungeon (4/15)
 Temple: D:4-7

Altars:
Okawaru
Yredelemnul
Zin

Annotations:
D:4 Pikel


Innate Abilities, Weirdness & Mutations

You have a pair of horns on your head.
You reflexively headbutt those who attack you in melee.


Message History

You block Pikel's attack. You block the lemure's attack.
The lemure hits you but does no damage. The lemure barely misses you.
You block Pikel's attack. The lemure hits you. x2
You hit Pikel but do no damage.
Pikel is lightly wounded.
You block the lemure's attack.
Pikel hits you with a +0 whip of freezing.
Pikel freezes you. The lemure completely misses you.
The lemure closely misses you. The lemure hits you.
Pikel hits you with a +0 whip of freezing.
Pikel freezes you.
You sock Pikel! Your headbutt misses Pikel.
Pikel is heavily wounded.
You block the lemure's attack. The lemure hits you but does no damage.
You block the lemure's attack.
Pikel hits you with a +0 whip of freezing.
Pikel freezes you. You block the lemure's attack.
The lemure closely misses you.
Your scale mail prevents you from hitting Pikel.
Pikel is heavily wounded.
The lemure hits you.
Pikel hits you with a +0 whip of freezing!
* * * LOW HITPOINT WARNING * * *
Pikel freezes you.
* * * LOW HITPOINT WARNING * * *
You block the lemure's attack. x2; The lemure closely misses you.
You furiously retaliate!
You headbutt the lemure, but do no damage.
Pikel hits you with a +0 whip of freezing!
* * * LOW HITPOINT WARNING * * *
Pikel freezes you.
* * * LOW HITPOINT WARNING * * *
You hit Pikel.
Pikel is severely wounded.
You block the lemure's attack. x2; The lemure barely misses you.
Pikel hits you but does no damage. The lemure hits you but does no damage.
You closely miss Pikel.
Pikel is severely wounded.
The lemure hits you.
You die...

### #.## #..
######.#########
#........5.5...#
#.####.#######.# ## ..
#5# #.# ####.
###.#.#######.####..'.
+...5@.............>#.
##..55K.....#.####..#.
#..........#.####..#.
#..........#.....###.
#..........+......##.
...........#.....♣##.
...$........#.....♣.#.
.....#########......♣
# #....._♣##


You could see Pikel and 4 lemures.

Vanquished Creatures
  Sigmund (D:2)
  A necrophage (D:2)
  2 orc priests (D:3)
  Ijyb (D:3)
  Natasha (thrice) (D:2)
  An adder (D:2)
  A worm (D:2)
  6 orcs (D:3)
  5 ball pythons (D:1)
  7 endoplasms
  4 goblins
  4 hobgoblins
  A quokka (D:3)
  5 bats
  2 frilled lizards
  3 kobolds
  5 rats
52 creatures vanquished.

Vanquished Creatures (others)
  4 plants (D:2)
4 creatures vanquished.

Grand Total: 56 creatures vanquished

Notes
Turn   | Place    | Note
-------+----------+-------------------------------------------
     0 | D:1      | zdrol the Minotaur Fighter began the quest for the Orb.
     0 | D:1      | Reached XP level 1. HP: 19/19 MP: 0/0
   147 | D:1      | Reached XP level 2. HP: 21/27 MP: 1/1
   442 | D:1      | Found a faded altar of an unknown god.
   453 | D:1      | Became a worshipper of Warmaster Okawaru
   453 | D:1      | Reached * piety under Okawaru
   693 | D:2      | Reached XP level 3. HP: 27/33 MP: 2/2
  1035 | D:2      | Noticed Natasha
  1040 | D:2      | Killed Natasha
  1280 | D:2      | Noticed Natasha
  1288 | D:2      | Killed Natasha
  1289 | D:2      | Reached skill level 1 in Dodging
  1289 | D:2      | Reached XP level 4. HP: 16/41 MP: 3/3
  1585 | D:2      | Noticed Natasha
  1593 | D:2      | Killed Natasha
  1687 | D:2      | Noticed Sigmund
  1730 | D:2      | Killed Sigmund
  1730 | D:2      | Reached ** piety under Okawaru
  1731 | D:2      | Reached skill level 5 in Armour
  1731 | D:2      | Reached XP level 5. HP: 10/47 MP: 4/4
  1731 | D:2      | Reached XP level 6. HP: 11/53 MP: 5/5
  2089 | D:2      | Reached *** piety under Okawaru
  2090 | D:2      | Reached skill level 5 in Shields
  2530 | D:3      | Reached skill level 5 in Maces & Flails
  2830 | D:3      | Found a basalt altar of Yredelemnul.
  2973 | D:3      | Reached skill level 5 in Fighting
  2991 | D:3      | Noticed Ijyb
  3003 | D:3      | Killed Ijyb
  3502 | D:4      | Found a glowing silver altar of Zin.
  3575 | D:4      | Noticed Pikel
  3582 | D:4      | HP: 2/56 [Pikel (2)]
  3584 | D:4      | Slain by a lemure

Illustrated notes

Levels and vault maps discovered:
D:1:      wander_arrival_chamber, layout_rooms,
          hellmonk_ecumenical_altar_zigzags
D:2:      layout_basic, chequers_big_river, uniq_sigmund, uniq_natasha
D:3:      layout_loops_corners, lemuel_crystal_altar, uniq_ijyb
D:4:      layout_basic, zin_academy, uniq_pikel

Skill      XL: |  1  2  3  4  5  6 |
---------------+-------------------+-----
Armour         | 4 5 |  5.3
Shields        | 4 5 |  5.1
Fighting       | 4 5 |  5.0
Dodging        | 1 2 |  2.3
Maces & Flails | 4 5 |  5.4
Stealth        | |  0.3

Action                   |  1- 3 |  4- 6 || total
-------------------------+-------+-------++-------
Melee: Flail             |    58 |    86 ||   144
       Headbutt          |     9 |    15 ||    24
Throw: Boomerang         |       |     3 ||     3
  Use: Scroll            |     2 |     3 ||     5
Armor: Scale mail        |    28 |    28 ||    56
Dodge: Dodged            |    20 |    27 ||    47
Block: Kite shield       |    35 |    28 ||    63
       Tower shield      |       |    15 ||    15
